 Dungeon Crawl Stone Soup version 0.28.0-53-g5a82cb258f (webtiles) character file.

Game seed: 6627322399127071185

3047 SanguineChosen the Cudgeller (level 9, -4/54 HPs)
             Began as a Gargoyle Fighter on July 7, 2022.
             Was an Initiate of Trog.
             Slain by a killer bee (7 damage)
             ... on level 8 of the Dungeon.
             The game lasted 00:36:53 (8440 turns).

SanguineChosen the Cudgeller (Gargoyle Fighter)     Turns: 8440, Time: 00:36:54

Health: -4/54      AC: 16    Str: 36    XL:     9   Next: 87%
Magic:  3/3        EV: 10    Int: 10    God:    Trog [......]
Gold:   249        SH: 10    Dex:  9    Spells: 8/8 levels left

rFire   . . .      SeeInvis .   z - +1 long sword "Bemughub" {antimagic, *Rage rCorr Str+6 Int+2}
rCold   + . .      Faith    .   c - +0 buckler
rNeg    + + .      Spirit   .   k - +1 ring mail "Souwni Tuix" {*Corrode rN+ Str+5}
rPois   ∞          Reflect  +   (no helmet)
rElec   +          Harm     .   (no cloak)
rCorr   +          Rampage  .   J - +0 pair of gloves
Will    .....      Rage     20% l - +0 pair of boots
Stlth   +.........              x - amulet of reflection
HPRegen 0.18/turn               o - ring of protection from cold
MPRegen 0.08/turn               F - ring of flight

@: on berserk cooldown, flying
A: sickness immunity, AC +6, negative energy resistance 1, electricity
resistance, torment resistance 1, petrification resistance
a: Renounce Religion


You were on level 8 of the Dungeon.
You worshipped Trog.
Trog was noncommittal.
You visited 2 branches of the dungeon, and saw 9 of its levels.

You collected 431 gold pieces.
You spent 182 gold pieces at shops.

Inventory:

Hand Weapons
 a - a +0 flail
 z - the +1 long sword "Bemughub" (weapon) {antimagic, *Rage rCorr Str+6 Int+2}
   (You found it on level 5 of the Dungeon)

   It reduces the magical energy of the wielder, and disrupts the spells and
   magical abilities of those it strikes.
   Natural abilities and divine invocations are not affected.
   Str:       It affects your strength (+6).
   Int:       It affects your intelligence (+2).
   *Rage:     It berserks you when you make melee attacks (+20% chance).
   rCorr:     It protects you from acid and corrosion.
 G - a +2 vampiric long sword
Missiles
 f - 2 throwing nets (quivered)
 r - 4 atropa-tipped darts
 L - 4 poisoned darts
Armour
 b - a +0 scale mail
 c - a +0 buckler (worn)
 k - the +1 ring mail "Souwni Tuix" (worn) {*Corrode rN+ Str+5}
   (You found it on level 3 of the Dungeon)

   Str:       It affects your strength (+5).
   rN:        It protects you from negative energy.
   *Corrode:  It may corrode you when you take damage.
 l - a +0 pair of boots (worn)
 n - the +1 chain mail "Ulaopush" {+Blink rPois Int+3 Stlth+}
   (You found it on level 4 of the Dungeon)

   Int:       It affects your intelligence (+3).
   rPois:     It protects you from poison.
   +Blink:    It lets you blink.
   Stlth:     It makes you more stealthy.
 J - a +0 pair of gloves (worn)
Jewellery
 o - a ring of protection from cold (left hand)
 x - an amulet of reflection (around neck)
 F - a ring of flight (right hand)
Wands
 t - a wand of acid (7)
 C - a wand of flame (15)
Scrolls
 e - 3 scrolls of magic mapping
 g - 2 scrolls of brand weapon
 i - a scroll of torment {unknown}
 j - 3 scrolls of identify
 m - a scroll of vulnerability {unknown}
 p - a scroll of acquirement {unknown}
 u - a scroll of teleportation {unknown}
 w - a scroll of noise {unknown}
 y - a scroll of blinking {unknown}
 B - a scroll of enchant weapon {unknown}
 D - a scroll of fog {unknown}
 E - a scroll of amnesia {unknown}
 I - 4 scrolls of holy word
Potions
 d - a potion of berserk rage
 h - a potion of attraction {unknown}
 q - a potion of resistance {unknown}
 s - 2 potions of flight
 v - a potion of curing {unknown}
 A - a potion of mutation {unknown}
 K - a potion of haste


   Skills:
 + Level 5.6 Fighting
 * Level 6.9 Long Blades
 * Level 7.3 Maces & Flails
 + Level 0.4 Throwing
 + Level 6.3 Armour
 - Level 1.3 Dodging
 + Level 1.2 Stealth
 + Level 5.7 Shields
 + Level 1.4 Evocations


You had 8 spell levels left.
You didn't know any spells.
Your spell library contained the following spells:

 Spells                   Type           Power      Damage    Failure   Level
 Beastly Appendage        Tmut           0%         N/A       54%         1
 Wereblood                Tmut           0%         N/A       67%         2
 Spider Form              Tmut/Pois      0%         N/A       88%         3
 Fireball                 Conj/Fire      0%         3d3       100%        5
 Starburst                Conj/Fire      0%         6d3       100%        6
 Ignition                 Fire           0%         3d3       100%        8


Dungeon Overview and Level Annotations

Branches:
Dungeon (8/15)             Temple (1/1) D:7
   Lair: D:8-11

Altars:
Ashenzari
Cheibriados
Dithmenos
Elyvilon
Fedhas
Gozag
Hepliaklqana
Kikubaaqudgha
Makhleb
Nemelex Xobeh
Okawaru
Qazlal
Ru
Sif Muna
Trog
Uskayaw
Vehumet
Wu Jian
Xom
Yredelemnul
Zin
The Shining One

Shops:
D:2 :?*=(   D:6 *


Innate Abilities, Weirdness & Mutations

You are immune to sickness and miasma.
Your stone body is resilient. (AC +6)
You are immune to poison.
You resist negative energy. (rN+)
You are resistant to electric shocks. (rElec)
You are resistant to unholy torment.
You are immune to petrification.


Message History

* * * LOW HITPOINT WARNING * * *
Aiming: Throw Flame
Press: ? - help, Q - select action, (/) - cycle Shift-Dir - straight line, f - killer bee, p - killer bee
Aim: a killer bee (43% to hit)
The puff of flame hits the killer bee.
The killer bee is almost dead.
You feel yourself speed up. You block the killer bee's attack.
The killer bee stings you but does no damage.
You block the killer bee's attack.
The killer bee stings you but does no damage.
The killer bee barely misses you. The killer bee stings you.
* * * LOW HITPOINT WARNING * * *
You slash the killer bee!
You kill the killer bee!
Trog accepts your kill. You block the killer bee's attack.
The killer bee barely misses you. The killer bee stings you.
* * * LOW HITPOINT WARNING * * *
You slice the killer bee!!
The killer bee is almost dead.
The killer bee stings you but does no damage.
You block the killer bee's attack.
The killer bee stings you but does no damage. x2
You closely miss the killer bee.
The killer bee is almost dead.
You block the killer bee's attack. The killer bee barely misses you.
You block the killer bee's attack. x2
You slash the killer bee!
You kill the killer bee!
Trog accepts your kill. You block the killer bee's attack.
The killer bee stings you.
* * * LOW HITPOINT WARNING * * *
The killer bee stings you but does no damage.
You slash the killer bee!
The killer bee is almost dead.
The killer bee stings you!
* * * LOW HITPOINT WARNING * * *
The killer bee stings you!
You die...

#.#.....#. ########
#.#.#.#...
####......########.#...#...
...>.............#.#####.##
...........#####.#.......#
...........# ###.....######
........##.# #.............
####.....#y# #...........##
#.....y@# #<..........#
#...÷.#####...........#
#.....'....############
#.>...####.# #.....# ..
#.....# .## #.....##.
#.....## #.......


You could see 2 killer bees.

Vanquished Creatures
  A two-headed ogre (D:8)
  Sigmund (D:4)
  2 steam dragons
  2 water moccasins
  3 black bears
  A necrophage (D:5)
  A phantom (D:6)
  2 bullfrogs
  A scorpion (D:6)
  2 gnoll sergeants
  3 killer bees (D:8)
  2 howler monkeys
  2 centaur zombies (D:7)
  2 hounds
  2 jellies
  4 orc priests
  A bullfrog skeleton (D:4)
  A centaur skeleton (D:5)
  3 iguanas (D:5)
  An orc wizard (D:7)
  A killer bee zombie (D:7)
  A hound skeleton (D:4)
  Robin (D:3)
  9 adders
  13 gnolls
  A shadow imp (D:5)
  A white imp (D:6)
  3 worms
  A dart slug (D:3)
  22 orcs
  5 endoplasms
  5 giant cockroaches
  6 hobgoblins
  9 kobolds
  6 quokkas
  3 ball pythons
  9 bats
  3 frilled lizards
  11 goblins
  2 rats (D:1)
149 creatures vanquished.

Vanquished Creatures (others)
  3 fungi (D:5)
  5 toadstools (D:5)
8 creatures vanquished.

Grand Total: 157 creatures vanquished

Notes
Turn   | Place    | Note
-------+----------+-------------------------------------------
     0 | D:1      | SanguineChosen the Gargoyle Fighter began the quest for the
                  | Orb.
     0 | D:1      | Reached XP level 1. HP: 14/14 MP: 1/1
   369 | D:1      | Reached XP level 2. HP: 19/19 MP: 2/2
   941 | D:1      | Found a faded altar of an unknown god.
  1302 | D:2      | Found Ulaitaur's Magic Scroll Emporium.
  1327 | D:2      | Found a sacrificial altar of Ru.
  1334 | D:2      | Reached XP level 3. HP: 23/23 MP: 3/3
  1428 | D:2      | Reached XP level 4. HP: 19/28 MP: 4/4
  1561 | D:2      | Found Ackory's Assorted Antiques.
  1661 | D:2      | Found Xempizun's Antique Weapon Shop.
  1676 | D:2      | Found Odosih's Jewellery Emporium.
  1736 | D:2      | Found Ratrapul's Book Boutique.
  1748 | D:2      | Reached skill level 3 in Maces & Flails
  2083 | D:2      | Bought a scroll of identify for 26 gold pieces
  2083 | D:2      | Bought a scroll of identify for 26 gold pieces
  2203 | D:3      | Reached XP level 5. HP: 28/33 MP: 5/5
  2672 | D:3      | Noticed Robin
  2699 | D:3      | Killed Robin
  2700 | D:3      | Reached skill level 4 in Maces & Flails
  2874 | D:3      | Identified the +1 ring mail "Souwni Tuix" {*Corrode rN+
                  | Str+5}
  3057 | D:4      | Identified the +1 chain mail "Ulaopush" {+Blink rPois Int+3
                  | Stlth+}
  3148 | D:4      | Noticed Sigmund
  3164 | D:4      | Killed Sigmund
  3165 | D:4      | Reached skill level 5 in Maces & Flails
  3165 | D:4      | Reached XP level 6. HP: 2/38 MP: 6/6
  3525 | D:4      | Reached skill level 1 in Dodging
  3738 | D:4      | Reached XP level 7. HP: 30/43 MP: 7/7
  4046 | D:4      | Reached skill level 5 in Armour
  4454 | D:5      | Entered Level 5 of the Dungeon
  4462 | D:5      | Reached skill level 6 in Maces & Flails
  4684 | D:5      | Identified the +1 long sword "Bemughub" {antimagic, *Rage
                  | rCorr Str+6 Int+2}
  5081 | D:5      | Reached skill level 1 in Long Blades
  5085 | D:5      | Reached XP level 8. HP: 48/48 MP: 2/8
  5661 | D:6      | Reached skill level 1 in Evocations
  5982 | D:6      | Found Qumm's Assorted Antiques.
  5994 | D:6      | Bought a potion of heal wounds for 130 gold pieces
  6077 | D:6      | Reached skill level 5 in Shields
  6104 | D:6      | Reached skill level 5 in Long Blades
  6104 | D:6      | Reached skill level 1 in Stealth
  6104 | D:6      | Reached XP level 9. HP: 41/53 MP: 3/9
  6917 | D:7      | Found a blossoming altar of Fedhas.
  6965 | D:7      | Identified the +0 ring mail "Quibub" {rC+ rCorr Stlth+}
  7309 | D:7      | Found a staircase to the Ecumenical Temple.
  7319 | Temple   | Entered the Ecumenical Temple
  7553 | Temple   | Became a worshipper of Trog the Wrathful
  8025 | D:8      | Noticed a two-headed ogre
  8043 | D:8      | Killed a two-headed ogre
  8044 | D:8      | Reached skill level 5 in Fighting
  8044 | D:8      | Reached skill level 7 in Maces & Flails
  8440 | D:8      | Slain by a killer bee

Illustrated notes

Levels and vault maps discovered:
D:1:      dpeg_arrival_tiny_a, layout_basic,
          chequers_ecumenical_altar_simple_redux
D:2:      layout_rooms, basic_altar, serial_shops, nicolae_shop_stone,
          nicolae_lakefront_shop, nicolae_shop_trees, nicolae_square_shop,
          shop_fountains
D:3:      layout_basic, uniq_robin
D:4:      layout_loops_ring, portal_sewer_entry_f, uniq_sigmund
D:5:      layout_basic, minmay_gold_behind_fungi
D:6:      layout_rooms, serial_shops, shop_statue, kennysheep_small_spiral,
          minmay_fountain_box
D:7:      layout_cave_pools, fedhas_ov_isle_minmay, minmay_temple_entry_poolview
D:8:      cheibrodos_helix_gallery, layout_basic
Temple:   mainiacjoe_temple_starburst

Skill      XL: |  1  2  3  4  5  6  7  8  9 |
---------------+----------------------------+-----
Maces & Flails | 3 5 6 7 |  7.3
Shields        | 4 5 |  5.7
Armour         | 4 5 6 |  6.3
Fighting       | 4 5 |  5.6
Dodging        | 1 |  1.3
Long Blades    | 1 5 6 |  6.9
Evocations     | 1 |  1.4
Stealth        | 1 |  1.2
Throwing       | |  0.4

Action                   |  1- 3 |  4- 6 |  7- 9 || total
-------------------------+-------+-------+-------++-------
Melee: Flail             |    92 |   175 |    85 ||   352
       Long sword        |       |       |   234 ||   234
Throw: Throwing net      |     1 |       |     2 ||     3
Evoke: Wand              |       |       |     7 ||     7
  Use: Potion            |     3 |     3 |     3 ||     9
       Scroll            |       |     2 |     5 ||     7
Armor: Scale mail        |    51 |   103 |       ||   154
       Chain mail        |       |    29 |    91 ||   120
       Ring mail         |       |       |   173 ||   173
Dodge: Dodged            |    64 |    98 |   178 ||   340
Block: Buckler           |    16 |    41 |   207 ||   264
